 Dungeon Crawl Stone Soup version 0.31.0-11-ge490571c62 (webtiles) character file.

Game seed: 2842579370508433344

109 Gadfly the Insei (level 4, 0/35 HPs)
             Began as a Demonspawn Monk on Jan 27, 2024.
             Slain by a gnoll
             ... wielding a +0 flail
              (7 damage)
             ... on level 1 of the Dungeon.
             The game lasted 00:02:00 (1068 turns).

Gadfly the Insei (Demonspawn Monk)                  Turns: 1068, Time: 00:02:01

Health: 0/35       AC:  3    Str: 14    XL:     4   Next: 60%
Magic:  4/4        EV: 18    Int: 10    God:
Gold:   122        SH:  0    Dex: 15    Spells: 3/3 levels left

rFire   . .          .
                       - Unarmed
rCold   . . .        c - orb {light}
rNeg    . . .        a - +1 robe
rPois   .            (helmet restricted)
rElec   .            (no cloak)
rCorr   .            (no gloves)
SInv    .            (no boots)
Will    .....        (no amulet)
Stlth   +            e - +5 ring of evasion
HPRegen 0.25/turn    (no ring)
MPRegen 0.09/turn

%: no passive effects
@: glowing
A: antennae 1, weakness stinger 1
a: no special abilities


You were on level 1 of the Dungeon.
You visited 1 branch of the dungeon, and saw 2 of its levels.

You collected 122 gold pieces.

Inventory:

Hand Weapons
 b - a +2 mace of holy wrath
Armour
 a - a +1 robe (worn)
 c - an orb of light (worn)
Jewellery
 e - a +5 ring of evasion (left hand)
Potions
 i - a potion of berserk rage


   Skills:
 - Level 3.0 Fighting
 + Level 3.1 Dodging
 + Level 3.1 Unarmed Combat
 * Level 2.3 Evocations
 * Level 1.9 Shapeshifting


You had 3 spell levels left.
You didn't know any spells.
Your spell library contained the following spells:

 Spells                   Type           Power      Damage    Failure   Level
 Inner Flame              Hex/Fire       0%         N/A       75%         3
 Irradiate                Conj/Alch      0%         3d11      100%        5
 Ignition                 Fire           0%         3d3       100%        8


Dungeon Overview and Level Annotations

Branches:
Dungeon (2/15)

Altars:


Innate Abilities, Weirdness & Mutations

You have a pair of small antennae on your head.
You have a small tail.


Message History

The gnoll barely misses you. The gnoll attacks as it pursues you!
The gnoll barely misses you. The gnoll misses you.
The gnoll attacks as it pursues you! The gnoll hits you with a +0 whip.
* * * LOW HITPOINT WARNING * * *
The gnoll attacks as it pursues you! The gnoll completely misses you.
The gnoll attacks as it pursues you! The gnoll closely misses you.
The gnoll attacks as it pursues you! The gnoll closely misses you.
The gnoll attacks as it pursues you! The gnoll completely misses you.
There is a stone staircase leading up, spattered with blood here.
The gnoll misses you. The gnoll barely misses you.
You climb upwards.
There is a stone staircase leading down here.
The gnoll hits you with a +0 club.
* * * LOW HITPOINT WARNING * * *
The gnoll completely misses you. The gnoll completely misses you.
The gnoll closely misses you. The gnoll attacks as it pursues you!
The gnoll misses you.
Items here: )) ††.
The gnoll attacks as it pursues you! The gnoll completely misses you.
The gnoll hits you with a +0 club.
* * * LOW HITPOINT WARNING * * *
You hit the gnoll.
The gnoll is moderately wounded.
You feel yourself speed up. The gnoll misses you.
You hit the gnoll.
Your tail-slap misses the gnoll.
The gnoll is severely wounded.
The gnoll closely misses you.
You hit the gnoll.
The gnoll is almost dead.
The gnoll hits you but does no damage.
You hit the gnoll.
You kill the gnoll!
You hit the gnoll but do no damage. The gnoll closely misses you.
You barely miss the gnoll. The gnoll misses you.
You hit the gnoll. You tail-slap the gnoll.
The gnoll is moderately wounded.
The gnoll hits you with a +0 flail!
You die...

#.#####.##.#.#..#..##.#.## #.#..#
#.).....##.........#.)#.# #.#...
#.#.###########)#.##..#.# #.#...
.###.###......)>#.......# #.####
## ##.##......).#.......####.....
.###.###........#.##..#..........
#.#.## #........#.##.............
##.## #.......##.##.............
#.# #.......g@.##....######...
#.# #.......##[......# ##... #.#
####.#####.###.### #.... #.#
#(##........# #.... ##.###
#.##.##.##### ##.... .....#
#.##.##.# #.....
##.#.######.......# ########.....
##.....>...###.#### #.........#..
####.#####.....# #............


You could see a gnoll.

Vanquished Creatures
  Jessica (D:2)
  Robin (D:1)
  2 gnolls
  A dart slug (D:1)
  2 bats (D:1)
  3 endoplasms (D:1)
  5 giant cockroaches
  13 goblins
  5 hobgoblins (D:1)
  3 jackals (D:1)
  A kobold (D:1)
  A quokka (D:2)
  3 ball pythons (D:1)
  A frilled lizard (D:2)
  3 rats (D:1)
45 creatures vanquished.

Notes
Turn   | Place    | Note
-------+----------+-------------------------------------------
     0 | D:1      | Gadfly the Demonspawn Monk began the quest for the Orb.
     0 | D:1      | Reached XP level 1. HP: 18/18 MP: 1/1
    88 | D:1      | Discovered your monstrous ancestry.
    88 | D:1      | Gained mutation: You have a pair of small antennae on your
                  | head. [demonic ancestry]
    88 | D:1      | Reached XP level 2. HP: 24/24 MP: 2/2
   124 | D:1      | Reached skill level 1 in Evocations
   327 | D:1      | Reached skill level 1 in Shapeshifting
   445 | D:1      | Reached XP level 3. HP: 29/29 MP: 3/3
   534 | D:1      | Found a faded altar of an unknown god.
   772 | D:2      | Noticed Robin
   911 | D:1      | Killed Robin
  1012 | D:2      | Noticed Jessica
  1032 | D:2      | Gained mutation: You have a small tail. [demonic ancestry]
  1032 | D:2      | Reached XP level 4. HP: 22/35 MP: 4/4
  1042 | D:2      | Killed Jessica
  1068 | D:1      | Slain by a gnoll

Illustrated notes

Levels and vault maps discovered:
D:1:      grunt_arrival_crossed_arrows, layout_loops_cross,
          hellmonk_ecumenical_altar_inner_sanctum, corexii_hall_statues_i
D:2:      layout_basic, minmay_fractal_squares_5, uniq_jessica, uniq_robin,
          uniq_crazy_yiuf_cottage

Skill      XL: |  1  2  3 |
---------------+----------+-----
Evocations     | 1 2 |  2.3
Shapeshifting  | 1 |  1.9
Dodging        | 3 |  3.1
Unarmed Combat | 3 |  3.1
Fighting       | |  3.0

Action                     |  1- 3 |  4- 6 || total
---------------------------+-------+-------++-------
  Melee: Unarmed           |   132 |    19 ||   151
         Tailslap          |       |     2 ||     2
    Use: Scroll            |     5 |       ||     5
         Potion            |     1 |     1 ||     2
 Armour: Robe              |    48 |    13 ||    61
  Dodge: Dodged            |   159 |    21 ||   180
